 Dungeon Crawl Stone Soup version 0.18.1-8-gdd0e5ea (webtiles) character file.

988 Scarto the Skirmisher (level 8, -8/51 HPs)
             Began as a Gargoyle Fighter on June 2, 2016.
             Mangled by an ogre
             ... wielding a +0 giant spiked club
              (23 damage)
             ... on level 4 of the Dungeon.
             The game lasted 00:07:05 (3309 turns).

Scarto the Skirmisher (Gargoyle Fighter)            Turns: 3309, Time: 00:07:05

Health: -8/51      AC: 16    Str: 22    XL:     8   Next: 18%
Magic:  8/8        EV: 11    Int:  9    God:
Gold:   166        SH: 11    Dex:  9    Spells: 0 memorised, 7 levels left

rFire  . . .     SeeInvis .     a - +1 flail
rCold  . . .     Gourm    .     g - +0 scale mail (curse)
rNeg   + . .     Faith    .     c - +1 shield
rPois  ∞         Spirit   .     q - +2 hat
rElec  +         Dismiss  .     (no cloak)
rCorr  .         Reflect  .     (no gloves)
SustAt .         Harm     .     (no boots)
MR     .....                    t - amulet of regeneration
Stlth  ..........               (no ring)
                                j - +3 ring of evasion

@: not resistant to hostile enchantments, extremely unstealthy
A: slimy green scales 1, negative energy resistance 1, electricity resistance,
unbreathing, petrification resistance, rot immunity, AC +5
a: no special abilities


You were on level 4 of the Dungeon.
You were not hungry.

You visited 1 branch of the dungeon, and saw 5 of its levels.

You collected 166 gold pieces.

Inventory:

Hand Weapons
 a - a +1 flail (weapon)
Armour
 c - a +1 shield (worn)
 g - a cursed +0 scale mail (worn)
 q - a +2 hat (worn)
Jewellery
 j - a +3 ring of evasion (left hand)
 l - a +3 amulet of reflection
 t - an amulet of regeneration (around neck)
Wands
 o - a wand of slowing (48/48)
Scrolls
 b - a scroll of enchant armour
 i - a scroll of noise
Potions
 d - a potion of might
 e - a potion of invisibility {unknown}
 m - 3 potions of lignification
 n - a potion of berserk rage {unknown}
 r - 2 potions of curing {unknown}
Books
 u - a book of the Earth

   Spells                             Type                      Level
   a - Leda's Liquefaction            Hexes/Earth                  4
   b - Bolt of Magma                  Conjuration/Fire/Earth       5
   c - Statue Form                    Transmutation/Earth          6
   d - Iron Shot                      Conjuration/Earth            6
   e - Shatter                        Earth                        9
Comestibles
 f - a bread ration
 h - a slice of pizza
 k - 5 fruits
 p - 4 chunks of flesh
 s - a meat ration


   Skills:
 + Level 6.0 Fighting
 + Level 4.9 Maces & Flails
 + Level 5.9 Armour
 + Level 5.9 Shields


You had 7 spell levels left.
You didn't know any spells.

Dungeon Overview and Level Annotations

Branches:
Dungeon (5/15)
 Temple: D:4-7

Altars:
Cheibriados


Innate Abilities, Weirdness & Mutations

You are resistant to torment.
Your stone body is resilient (AC +5).
You are immune to poison.
You resist negative energy.
You are resistant to electric shocks.
You can survive without breathing.
You are immune to petrification.
You are immune to rotting.
You are partially covered in slimy green scales (AC +2).


Message History

* * * LOW HITPOINT WARNING * * *
You hit the orc priest.
The orc priest is lightly wounded.
The orc priest closely misses you. You block the ogre's attack.
You closely miss the orc priest.
The orc priest is lightly wounded.
The orc priest hits you but does no damage.
You block the ogre's attack. You block the orc priest's attack.
There is an open door here.
There is a stone staircase leading up here.
You don't know any spells.
You block the ogre's attack.
You climb upwards.
There is a stone staircase leading down here.
You block the ogre's attack. The ogre closely misses you.
You thump the ogre!
The ogre is heavily wounded.
The ogre hits you with a giant spiked club!!
You die...

......#...............###........
......#........................##
.######...#####...............#..
.# ###### ####...###......#.#..
.#####.# ##..................## #
#..#.# #..#................#.
##P.^## #.##...............)..
#.##..####.#.........#.........
#.†.#..##.##..@................
###.##.##.##.O.................
##).P#...†##....................
#.P#.#..††#.>...##.#...........[
##.....P.##.....(...............
###..P.###.####................
##..P...#......+................
#......###...###....#.#.........
#P.....# #............#.........


You could see an ogre.

Vanquished Creatures
  2 ogres
  A centaur (D:5)
  The ghost of Scarto the Cudgeler, an amateur GrGl of Makhleb (D:3)
  6 scorpions (D:4)
  A crimson imp (D:5)
  A giant frog skeleton (D:4)
  4 worker ants
  A hound skeleton (D:4)
  6 adders
  4 gnolls (D:5)
  4 worms
  An adder skeleton (D:4)
  A dart slug (D:4)
  3 giant geckos
  7 orcs
  2 ball pythons
  A giant cockroach (D:2)
  9 goblins
  9 hobgoblins
  10 jackals
  8 kobolds
  A quokka (D:2)
  18 bats
  2 giant newts
  A quokka skeleton (D:4)
  7 rats
111 creatures vanquished.

Vanquished Creatures (others)
  A fungus (D:4)
1 creature vanquished.

Grand Total: 112 creatures vanquished

Notes
Turn   | Place    | Note
--------------------------------------------------------------
     0 | D:1      | Scarto the Gargoyle Fighter began the quest for the Orb.
     0 | D:1      | Reached XP level 1. HP: 14/14 MP: 1/1
   152 | D:1      | Reached XP level 2. HP: 19/19 MP: 2/2
   535 | D:1      | Reached XP level 3. HP: 18/24 MP: 3/3
  1233 | D:2      | Reached XP level 4. HP: 29/29 MP: 4/4
  1300 | D:3      | Gained mutation: You are partially covered in slimy green scales (AC +2). [potion of beneficial mutation]
  1307 | D:3      | Noticed Scarto's ghost (amateur GrGl)
  1331 | D:3      | Killed Scarto's ghost
  1331 | D:3      | Reached skill level 4 in Fighting
  1331 | D:3      | Reached XP level 5. HP: 22/33 MP: 5/5
  2032 | D:4      | Found a snail-covered altar of Cheibriados.
  2077 | D:4      | Reached XP level 6. HP: 33/39 MP: 6/6
  2303 | D:4      | Reached skill level 5 in Fighting
  2303 | D:4      | Reached skill level 5 in Shields
  2341 | D:4      | Reached skill level 5 in Armour
  2341 | D:4      | Reached XP level 7. HP: 36/44 MP: 7/7
  2786 | D:5      | Entered Level 5 of the Dungeon
  2888 | D:5      | Reached XP level 8. HP: 19/51 MP: 8/8
  3291 | D:5      | Reached skill level 6 in Fighting
  3309 | D:4      | Mangled by an ogre

Skill      XL: |  1  2  3  4  5  6  7  8 |
---------------+-------------------------+-----
Fighting       | 4 5 6 |  6.0
Maces & Flails | 3 4 |  4.9
Armour         | 4 5 |  5.9
Shields        | 4 5 |  5.9

Action                   |  1- 3 |  4- 6 |  7- 9 || total
-------------------------+-------+-------+-------++-------
Melee: Flail             |   180 |   209 |   204 ||   593
  Use: Scroll            |       |     7 |     3 ||    10
       Potion            |       |     1 |       ||     1
  Eat: Chunk             |     1 |       |       ||     1
       Bread ration      |       |     1 |     1 ||     2
Armor: Scale mail        |   132 |    90 |   111 ||   333
Dodge: Dodged            |   106 |    86 |    92 ||   284
Block: Shield            |   149 |   180 |   185 ||   514
       Reflection        |     1 |     3 |       ||     4
